 Dungeon Crawl Stone Soup version 0.28-a0-980-g3664467d6e (webtiles) character file.

Game seed: 8567270830215574724

1711 AarnesTheHuman the Poker (level 9, 0/73 HPs)
             Began as a Gnoll Cinder Acolyte on Dec 2, 2021.
             Was an Initiate of Gozag.
             Slain by a fire elemental (10 damage)
             ... created by the fiery vengeance of Ignis
             ... on level 5 of the Dungeon.
             The game lasted 00:16:17 (6243 turns).

AarnesTheHuman the Poker (Gnoll Cinder Acolyte)     Turns: 6243, Time: 00:16:18

Health: 0/73       AC: 10    Str: 19    XL:     9   Next: 4%
Magic:  16/16      EV:  8    Int: 13    God:    Gozag
Gold:   239        SH:  0    Dex: 13    Spells: 17/17 levels left

rFire   . . .      SeeInvis .   a - -1 spear (flame)
rCold   . . .      Faith    .   (no shield)
rNeg    . . .      Spirit   .   h - +0 chain mail
rPois   .          Reflect  .   (no helmet)
rElec   .          Harm     .   (no cloak)
rCorr   .          Rampage  .   w - +0 pair of gloves
Will    .....                   (no boots)
Stlth   ..........              k - amulet of regeneration
HPRegen 1.02/turn               f - ring of flight
MPRegen 0.15/turn               e - +6 ring of dexterity

@: flying, fire susceptible
A: fangs 1, strong nose, distributed training
a: Renounce Religion, Potion Petition, Call Merchant, Bribe Branch


You were on level 5 of the Dungeon.
You worshipped Gozag.
Gozag was aware of your devotion.
You visited 2 branches of the dungeon, and saw 6 of its levels.
You also visited: Sewer.

You collected 331 gold pieces.
You paid 92 gold pieces to Gozag.

Inventory:

Hand Weapons
 a - a -1 spear of flaming (weapon)
 b - a +0 hunting sling
 v - a +2 whip of holy wrath
 x - a +0 hand crossbow
Missiles
 c - 5 poisoned darts
 j - 154 stones (quivered)
 m - 5 javelins
 n - 3 boomerangs
 p - 3 silver javelins
 q - 37 sling bullets
Armour
 h - a +0 chain mail (worn)
 i - a +0 robe
 w - a +0 pair of gloves (worn)
 y - +0 acid dragon scales
 C - the +1 robe of the Big Bang {SInv}
   (You found it on level 5 of the Dungeon)

   SInv:      It lets you see invisible.
Jewellery
 d - a +6 ring of intelligence
 e - a +6 ring of dexterity (right hand)
 f - a ring of flight (left hand)
 k - an amulet of regeneration (around neck)
Scrolls
 l - 3 scrolls of blinking
 z - 3 scrolls of identify {unknown}
 A - a scroll of teleportation
 B - a scroll of acquirement {unknown}
 D - a scroll of enchant armour {unknown}
 E - a scroll of magic mapping {unknown}
 F - a scroll of brand weapon {unknown}
Potions
 g - 3 potions of curing {unknown}
 o - 2 potions of mutation {unknown}
 r - 3 potions of flight {unknown}
 s - a potion of invisibility {unknown}
 t - a potion of heal wounds {unknown}
 u - a potion of brilliance {unknown}


   Skills:
 + Level 7.6 Fighting
 + Level 3.8 Short Blades
 + Level 3.8 Long Blades
 + Level 3.8 Axes
 + Level 3.8 Maces & Flails
 + Level 7.6 Polearms
 + Level 3.8 Staves
 + Level 3.8 Slings
 + Level 3.8 Bows
 + Level 3.8 Crossbows
 + Level 3.8 Throwing
 + Level 3.8 Armour
 + Level 3.8 Dodging
 + Level 3.8 Stealth
 + Level 3.8 Shields
 + Level 3.8 Unarmed Combat
 + Level 4.8 Spellcasting
 + Level 3.1 Conjurations
 + Level 3.1 Hexes
 + Level 3.1 Summonings
 + Level 3.1 Necromancy
 + Level 3.1 Translocations
 + Level 3.1 Transmutations
 + Level 6.3 Fire Magic
 + Level 3.1 Ice Magic
 + Level 3.1 Air Magic
 + Level 3.1 Earth Magic
 + Level 3.1 Poison Magic
 + Level 4.2 Invocations
 + Level 3.8 Evocations


You had 17 spell levels left.
You didn't know any spells.
Your spell library contained the following spells:

 Spells                   Type           Power      Damage    Failure   Level
 Scorch                   Fire           38%        2d6       24%         2
 Animate Skeleton         Necr           22%        N/A       52%         1
 Pain                     Necr           44%        1d6       52%         1
 Sandblast                Erth           22%        2d7       52%         1
 Passwall                 Tmut/Erth      9%         N/A       65%         2
 Ignite Poison            Fire/Tmut/Pois 14%        N/A       75%         3
 Mephitic Cloud           Conj/Pois/Air  11%        N/A       87%         3
 Stone Arrow              Conj/Erth      22%        3d8       87%         3
 Swiftness                Air            11%        N/A       87%         3
 Vampiric Draining        Necr           11%        2d6       87%         3
 Freezing Cloud           Conj/Ice/Air   5%         6-21      100%        5


Dungeon Overview and Level Annotations

Branches:
Dungeon (5/15)             Temple (1/1) D:5           Sewer (visited)

Altars:
Ashenzari
Dithmenos
Fedhas
Gozag
Hepliaklqana
Kikubaaqudgha
Makhleb
Nemelex Xobeh
Qazlal
Sif Muna
Uskayaw
Wu Jian
Xom
Yredelemnul
The Shining One

Shops:
D:3 (

Annotations:
D:3 1 runed translucent door, Crazy Yiuf


Innate Abilities, Weirdness & Mutations

You have very sharp teeth.
Your uncanny sense of smell can sniff out nearby items.
Your experience applies equally to all skills.


Message History

The fire elemental is lightly damaged.
You hit the fire elemental.
The fire elemental is lightly damaged.
The fire elemental hits you. The fire elemental burns you!
You closely miss the fire elemental. You bite the fire elemental.
The fire elemental is lightly damaged.
The fire elemental hits you. The fire elemental burns you!
You hit the fire elemental.
The fire elemental is moderately damaged.
You puncture the fire elemental!
The fire elemental is heavily damaged.
The fire elemental hits you. The fire elemental burns you!
You miss the fire elemental.
The fire elemental is heavily damaged.
The fire elemental closely misses you.
You hit the fire elemental but do no damage.
Your bite misses the fire elemental.
The fire elemental is heavily damaged.
The fire elemental hits you. The fire elemental burns you!
You barely miss the fire elemental.
The fire elemental is heavily damaged.
The fire elemental hits you. The fire elemental burns you!
You hit the fire elemental but do no damage.
The fire elemental is heavily damaged.
The fire elemental hits you. The fire elemental burns you!
* * * LOW HITPOINT WARNING * * *
You miss the fire elemental.
The fire elemental is heavily damaged.
The fire elemental hits you.
* * * LOW HITPOINT WARNING * * *
The fire elemental burns you!
* * * LOW HITPOINT WARNING * * *
You barely miss the fire elemental.
The fire elemental is heavily damaged.
The fire elemental barely misses you.
You barely miss the fire elemental. Your bite misses the fire elemental.
The fire elemental is heavily damaged.
The fire elemental hits you. The fire elemental burns you!
You die...
Your body crumbles into a pile of gold.

#.##.##.###....##.#####
#########.##.####.#.........
#.... #...........#.#..#####
.._. ###.##.###..#.#..# #..
... ###.##.# #.......###.#
#.# #.E....# #...........#
##.#####☼#### ##...#.######
#.......E##### #...#.#
#.#.......EE@..# #...#.#
#...).########.#
#...#.###### #######.### #.#
#........... #.........# #.#
#.#......... #.#####.#.# #.#
#.######.### #)# #.#.# #.#
#....# #.# #.# ##.#.# #.#
#...)# #.# #.#
##..#.######.# ##...# #.#
#.# #............# #.###
#.###


You could see 3 fire elementals.

Vanquished Creatures
  Grinder (D:3)
  Sigmund (D:2)
  A wyvern (D:5)
  An acid dragon (D:4)
  A water moccasin (D:5)
  A sky beast (D:5)
  A necrophage (D:4)
  An ogre (D:5)
  A phantom (D:5)
  A bullfrog (Sewer)
  A water moccasin skeleton (D:4)
  A howler monkey (D:3)
  A bullfrog zombie (D:5)
  A jelly (D:5)
  A gnoll shaman (D:4)
  2 bullfrog skeletons
  Terence (D:3)
  2 iguanas (D:5)
  12 gnolls
  8 adders
  5 worms
  A dart slug (D:1)
  8 orcs
  10 endoplasms
  4 giant cockroaches
  3 goblins
  6 hobgoblins
  A jackal (D:3)
  9 kobolds
  6 quokkas
  10 ball pythons
  4 bats
  6 frilled lizards
  3 rats (D:1)
116 creatures vanquished.

Vanquished Creatures (others)
  55 foxfires
55 creatures vanquished.

Grand Total: 171 creatures vanquished

Notes
Turn   | Place    | Note
-------+----------+-------------------------------------------
     0 | D:1      | AarnesTheHuman the Gnoll Cinder Acolyte began the quest for
                  | the Orb.
     0 | D:1      | Reached XP level 1. HP: 23/23 MP: 4/4
    56 | D:1      | Reached XP level 2. HP: 13/29 MP: 5/5
   875 | D:1      | Reached XP level 3. HP: 34/35 MP: 7/7
  1095 | D:2      | Noticed Sigmund
  1099 | D:2      | Killed Sigmund
  1100 | D:2      | Reached skill level 1 in Short Blades
  1100 | D:2      | Reached skill level 1 in Long Blades
  1100 | D:2      | Reached skill level 1 in Axes
  1100 | D:2      | Reached skill level 1 in Maces & Flails
  1100 | D:2      | Reached skill level 1 in Staves
  1100 | D:2      | Reached skill level 1 in Slings
  1100 | D:2      | Reached skill level 1 in Bows
  1100 | D:2      | Reached skill level 1 in Crossbows
  1100 | D:2      | Reached skill level 1 in Throwing
  1100 | D:2      | Reached skill level 1 in Armour
  1100 | D:2      | Reached skill level 1 in Dodging
  1100 | D:2      | Reached skill level 1 in Stealth
  1100 | D:2      | Reached skill level 1 in Shields
  1100 | D:2      | Reached skill level 1 in Unarmed Combat
  1100 | D:2      | Reached skill level 1 in Conjurations
  1100 | D:2      | Reached skill level 1 in Hexes
  1100 | D:2      | Reached skill level 1 in Summonings
  1100 | D:2      | Reached skill level 1 in Necromancy
  1100 | D:2      | Reached skill level 1 in Translocations
  1100 | D:2      | Reached skill level 1 in Transmutations
  1100 | D:2      | Reached skill level 1 in Ice Magic
  1100 | D:2      | Reached skill level 1 in Air Magic
  1100 | D:2      | Reached skill level 1 in Earth Magic
  1100 | D:2      | Reached skill level 1 in Poison Magic
  1100 | D:2      | Reached skill level 1 in Invocations
  1100 | D:2      | Reached skill level 1 in Evocations
  1100 | D:2      | Reached XP level 4. HP: 41/41 MP: 8/8
  1100 | D:2      | Reached XP level 5. HP: 47/47 MP: 9/9
  1456 | D:2      | Found a faded altar of an unknown god.
  1641 | D:3      | Noticed Terence
  1664 | D:3      | Killed Terence
  1665 | D:3      | Reached XP level 6. HP: 25/53 MP: 9/11
  2413 | D:3      | Noticed Grinder
  2423 | D:3      | Paralysed by Grinder for 5 turns
  2438 | D:3      | Killed Grinder
  2439 | D:3      | Reached XP level 7. HP: 30/59 MP: 12/12
  2533 | D:3      | Found Arigroin's Weapon Emporium.
  2659 | D:3      | Found a runed translucent door.
  2660 | D:3      | Noticed Crazy Yiuf
  3919 | D:4      | Reached XP level 8. HP: 61/67 MP: 14/14
  4700 | D:5      | Entered Level 5 of the Dungeon
  4750 | D:5      | Found a staircase to the Ecumenical Temple.
  4961 | D:5      | Identified the +1 robe of the Big Bang {SInv}
  5042 | D:5      | Noticed a wyvern
  5058 | D:5      | Killed a wyvern
  5089 | D:5      | Found a basalt altar of Yredelemnul.
  5215 | D:5      | Found a glowing drain.
  5233 | Sewer    | Entered a sewer
  5671 | Temple   | Entered the Ecumenical Temple
  5937 | Temple   | Fell from the grace of Ignis
  5937 | Temple   | Became a worshipper of Gozag Ym Sagoz the Greedy
  6019 | D:5      | Reached XP level 9. HP: 67/73 MP: 16/16
  6243 | D:5      | Slain by a fire elemental

Illustrated notes

Levels and vault maps discovered:
D:1:      sevenhm_arrival_forest_fort_small_6, layout_loops_cross, minmay_vboxes
D:2:      layout_rooms, hellmonk_ecumenical_altar_zigzags, uniq_sigmund
D:3:      layout_loops_ring, serial_shops, nicolae_shop_crystal, st_stairs_1,
          uniq_grinder, uniq_crazy_yiuf_cottage, uniq_terence
D:4:      layout_basic, amethyst_killhole
D:5:      layout_loops_ring, mainiacjoe_overflow_alcove_2,
          minmay_temple_entry_sparse_star, cheibrodos_sewer_entry_bend
Temple:   minmay_temple_curvy_branch

Skill      XL: |  1  2  3  4  5  6  7  8 |
---------------+-------------------------+-----
Short Blades   | 1 2 3 |  3.8
Long Blades    | 1 2 3 |  3.8
Axes           | 1 2 3 |  3.8
Maces & Flails | 1 2 3 |  3.8
Staves         | 1 2 3 |  3.8
Slings         | 1 2 3 |  3.8
Bows           | 1 2 3 |  3.8
Crossbows      | 1 2 3 |  3.8
Throwing       | 1 2 3 |  3.8
Armour         | 1 2 3 |  3.8
Dodging        | 1 2 3 |  3.8
Stealth        | 1 2 3 |  3.8
Shields        | 1 2 3 |  3.8
Unarmed Combat | 1 2 3 |  3.8
Spellcasting   | 3 4 |  4.8
Conjurations   | 1 2 3 |  3.1
Hexes          | 1 2 3 |  3.1
Summonings     | 1 2 3 |  3.1
Necromancy     | 1 2 3 |  3.1
Translocations | 1 2 3 |  3.1
Transmutations | 1 2 3 |  3.1
Ice Magic      | 1 2 3 |  3.1
Air Magic      | 1 2 3 |  3.1
Earth Magic    | 1 2 3 |  3.1
Poison Magic   | 1 2 3 |  3.1
Invocations    | 1 2 3 4 |  4.2
Evocations     | 1 2 3 |  3.8
Fighting       | 7 |  7.6
Polearms       | 7 |  7.6
Fire Magic     | 6 |  6.3

Action                   |  1- 3 |  4- 6 |  7- 9 || total
-------------------------+-------+-------+-------++-------
Melee: Spear             |   102 |   126 |   390 ||   618
       Bite              |     6 |    21 |    40 ||    67
       Punch             |       |       |     6 ||     6
 Fire: Hunting sling     |     1 |    17 |    23 ||    41
Throw: Stone             |       |     4 |       ||     4
Invok: Fiery Armour      |     1 |       |       ||     1
       Foxfire Swarm     |     1 |     2 |     4 ||     7
       Rising Flame      |       |       |     1 ||     1
  Use: Scroll            |       |       |     4 ||     4
 Stab: Sleeping          |     1 |       |       ||     1
Armor: Robe              |     6 |       |       ||     6
       Chain mail        |    18 |    33 |   144 ||   195
Dodge: Dodged            |    17 |    24 |    77 ||   118

Table legend: (Time is in decaauts)
 A = Elapsed time spent in this place.
 B = Non-inter-level travel time spent in this place.
 C = Inter-level travel time spent in this place.
 D = Time resting spent in this place.
 E = Time spent auto-exploring this place.
 F = Levels seen in this place.
 G = Mean time per level.
                   A        B        C        D        E       F      G
               +--------+--------+--------+--------+--------+-----+--------+
         Total |   6087 |   5594 |    493 |    649 |   3453 |   7 |  869.6 |
       Dungeon |   5483 |   5032 |    451 |    549 |   3096 |   5 | 1096.6 |
        Temple |    288 |    246 |     42 |      0 |    244 |   1 |  288.0 |
         Sewer |    315 |    315 |      0 |    100 |    113 |   1 |  315.0 |
               +--------+--------+--------+--------+--------+-----+--------+

Top non-repeatable levels by time:
     D:4: 1756 daAuts
     D:3: 1135 daAuts
     D:1: 951 daAuts
     D:2: 873 daAuts
     D:5: 766 daAuts
   Sewer: 315 daAuts
  Temple: 288 daAuts
